 Dungeon Crawl Stone Soup version 0.31-a0-149-g3fdcc5976a (webtiles) character file.

Game seed: 14695612272208089879

244 comborobin the Sneak (level 5, -5/28 HPs)
             Began as a Deep Elf Delver on June 7, 2023.
             Was a Believer of Cheibriados.
             Slain by Terence
             ... wielding a +0 flail
              (12 damage)
             ... on level 3 of the Dungeon.
             The game lasted 00:05:51 (3180 turns).

comborobin the Sneak (Deep Elf Delver)              Turns: 3180, Time: 00:05:51

Health: -5/28      AC:  0    Str: 13    XL:     5   Next: 83%
Magic:  8/8        EV: 32    Int: 19    God:    Cheibriados [**....]
Gold:   216        SH:  0    Dex: 22    Spells: 4/4 levels left

rFire   . . .        i - melded +0 dagger (venom)
rCold   . . .        (shield currently unavailable)
rNeg    . . .        b - melded +0 leather armour
rPois   .            e - melded +0 helmet
rElec   .            (cloak currently unavailable)
rCorr   .            (gloves currently unavailable)
SInv    .            (boots currently unavailable)
Will    +....        f - amulet of the acrobat
Stlth   ++++         (ring currently unavailable)
HPRegen 0.24/turn    (ring currently unavailable)
MPRegen 0.11/turn

%: acrobat
@: brilliant, pig-form, acrobatic, attractive, enlightened, flying, slow
A: fast, no casting, small, frail 1
a: Renounce Religion, Bend Time


You were on level 3 of the Dungeon.
You worshipped Cheibriados.
Cheibriados was pleased with you.
You were a filthy swine.
You visited 2 branches of the dungeon, and saw 7 of its levels.

You collected 216 gold pieces.

Inventory:

Hand Weapons
 a - a +0 short sword
 i - a +0 dagger of venom (melded)
Armour
 b - a +0 leather armour (melded)
 e - a +0 helmet (melded)
Jewellery
 f - an amulet of the acrobat (around neck)
 k - a ring of ice
Wands
 g - a wand of digging (8)
 j - a wand of polymorph (4)
Scrolls
 c - a scroll of fog
 d - a scroll of magic mapping
 l - a scroll of teleportation {unknown}
 m - a scroll of enchant weapon {unknown}
 n - a scroll of noise
 r - a scroll of fear
 s - a scroll of immolation {unknown}
 u - a scroll of poison {unknown}
 w - a scroll of summoning {unknown}
Potions
 o - a potion of brilliance
 p - a potion of enlightenment


   Skills:
 + Level 3.3 Fighting
 * Level 3.7 Short Blades
 + Level 3.9 Dodging
 - Level 6.9 Stealth
 + Level 1.5 Invocations


You had 4 spell levels left.
You didn't know any spells.
Your spell library was empty.

Dungeon Overview and Level Annotations

Branches:
Dungeon (6/15)             Temple (1/1) D:4

Altars:
Cheibriados
Dithmenos
Elyvilon
Fedhas
Gozag
Hepliaklqana
Makhleb
Nemelex Xobeh
Okawaru
Qazlal
Ru
Trog
Uskayaw
Vehumet
Xom
Yredelemnul
The Shining One

Shops:
D:1 [

Annotations:
D:3 Terence


Innate Abilities, Weirdness & Mutations

You are a filthy swine.
You move quickly.
Your equipment is almost entirely melded.
You are incapable of wielding weapons or throwing items.
You cannot cast spells.
You are frail. (-10% HP)


Message History

* * * LOW HITPOINT WARNING * * *
You feel better.
Terence shouts, "Get ready for death!"
Terence hits you with a +0 flail.
Terence says, "Don't bother to defend, it's pointless."
Terence barely misses you.
Throw: throwing net
Press: ? - help, Q - select action, (/) - cycle Shift-Dir - straight line, f - Terence
Aim: Terence, wielding a +0 flail and wearing a +1 chain mail of poison resistance (fast, 71% to hit)
You throw a throwing net. The throwing net hits Terence.
Terence is caught in the net!
Terence struggles against the net.
Unknown command.
You hit Terence.
Terence is lightly wounded.
Terence struggles against the net.
You hit Terence but do no damage.
Terence is lightly wounded.
Terence struggles against the net. x2
The net rips apart, and Terence comes free!
You hit Terence but do no damage.
Terence is poisoned.
Terence is lightly wounded.
Terence barely misses you.
Aiming: Polymorph
Press: ? - help, Shift-Dir - straight line, f - you, p - Terence That beam is likely to hit you.
Continue anyway?
You turn into a filthy swine.
Your +0 dagger of venom melds into your body.
Your +0 helmet melds into your body.
Your +0 leather armour melds into your body.
Your +0 dagger of venom stops dripping with poison.
Terence hits you with a +0 flail.
* * * LOW HITPOINT WARNING * * *
Terence closely misses you. Terence completely misses you.
Terence attacks as you move away! Terence barely misses you.
Terence completely misses you. Terence attacks as you move away!
Terence completely misses you. Terence attacks as you move away!
Terence hits you with a +0 flail!
You die...

# #.......## # ### #.#####..# #
##.## #.#####..#
###...########### #.##...†.#
##..............## #.##.##..#
###......###.....# #<##.##..'
###.......##.##..# #........#
..........##.##..# ####.###..
###.......##.:..h# #.# ###
##.....###..##@# #.# ##.....##
#.....# #.# ##.....## ##.####
##.##### #.......## #.. #.......
.........####...##########....###
.........+.@.....>...............
.........####.....##.##........##
#.......## ##.##.##............#


You could see Terence (fast, poisoned).

Vanquished Creatures
  A bullfrog (D:6)
  Ijyb (D:3)
  An iguana (D:4)
  Robin (D:3)
  3 adders (D:3)
  An ufetubus (D:4)
  3 worms
  3 dart slugs
  3 orcs (D:4)
  5 ball pythons
  5 bats
  4 endoplasms
  3 giant cockroaches
  16 goblins
  10 hobgoblins
  2 quokkas (D:1)
  3 frilled lizards
  5 kobolds
  5 rats
75 creatures vanquished.

Notes
Turn   | Place    | Note
-------+----------+-------------------------------------------
     0 | D:5      | comborobin the Deep Elf Delver began the quest for the Orb.
     0 | D:5      | Reached XP level 1. HP: 13/13 MP: 3/3
     1 | D:6      | Noticed a bullfrog
     6 | D:6      | Killed a bullfrog
     7 | D:6      | Reached XP level 2. HP: 17/18 MP: 4/4
     7 | D:6      | Reached XP level 3. HP: 20/22 MP: 5/5
    15 | D:6      | Noticed a black bear
    79 | D:5      | Noticed a centaur
    86 | D:4      | Found a staircase to the Ecumenical Temple.
   143 | D:4      | Reached XP level 4. HP: 22/27 MP: 6/6
   171 | D:4      | Found a white marble altar of Elyvilon.
   281 | D:4      | Noticed Robin
   415 | D:3      | HP: 1/28 [Robin/+0 falchion (3)]
   432 | D:3      | Found an iron altar of Okawaru.
   516 | D:3      | Killed Robin
   557 | D:3      | Noticed Ijyb
   707 | Temple   | Entered the Ecumenical Temple
   871 | Temple   | Became a worshipper of Cheibriados the Contemplative
   894 | D:3      | Noticed Terence
  1063 | D:3      | Killed Ijyb
  1064 | D:3      | Reached XP level 5. HP: 32/32 MP: 7/7
  1905 | D:1      | Reached * piety under Cheibriados
  2093 | D:1      | Found Weanyntut's Antique Armour Boutique.
  2135 | D:1      | Reached skill level 1 in Invocations
  2359 | D:1      | Found a faded altar of an unknown god.
  2558 | D:3      | Found a bloodstained altar of Trog.
  2558 | D:3      | Found an opulent altar of Gozag.
  2720 | D:3      | Reached ** piety under Cheibriados
  3169 | D:3      | Gained mutation: You are frail. (-10% HP) [potion of
                  | mutation]
  3180 | D:3      | Slain by Terence

Illustrated notes

Levels and vault maps discovered:
D:1:      evilmike_arrival_crescent, layout_basic, serial_shops, shop,
          dreamdust_ecumenical_altar_angels_and_demons, minmay_tromino_i4
D:2:      layout_loops_ring
D:3:      layout_loops_corners, mainiacjoe_overflow_divided_tiny,
          okawaru_trees_2, serial_park_tiny_pond, uniq_terence, uniq_ijyb
D:4:      layout_gridville, lemuel_crystal_altar, temple_fountains,
          kennysheep_donut, uniq_edmund, uniq_robin
D:5:      layout_basic, mainiacjoe_overflow_alcove_1, nzn_wu_jian_council_hall,
          fountainhead
D:6:      lemuel_ice_spiral_2, layout_basic, kennysheep_mini, uniq_duvessa,
          uniq_sigmund
Temple:   hellmonk_temple_forest_ring

Skill      XL: |  1  2  3  4  5 |
---------------+----------------+-----
Dodging        | 3 |  3.9
Fighting       | 3 |  3.3
Short Blades   | 3 |  3.7
Invocations    | 1 |  1.5
Stealth        | |  6.9

Action                     |  1- 3 |  4- 6 || total
---------------------------+-------+-------++-------
  Melee: Short sword       |     4 |       ||     4
         Dagger            |     7 |   217 ||   224
         Unarmed           |       |     4 ||     4
         Punch             |       |     1 ||     1
  Throw: Throwing net      |     2 |     1 ||     3
  Evoke: Wand              |       |     1 ||     1
    Use: Potion            |     1 |     7 ||     8
         Scroll            |       |     2 ||     2
   Stab: Sleeping          |     2 |     9 ||    11
         Held in net/web   |     1 |       ||     1
 Armour: Leather armour    |     4 |    41 ||    45
         Skin              |       |     3 ||     3
  Dodge: Dodged            |    22 |   172 ||   194

Table legend: (Time is in decaauts)
 A = Elapsed time spent in this place.
 B = Non-inter-level travel time spent in this place.
 C = Inter-level travel time spent in this place.
 D = Time resting spent in this place.
 E = Time spent auto-exploring this place.
 F = Levels seen in this place.
 G = Mean time per level.
                   A        B        C        D        E       F      G
               +--------+--------+--------+--------+--------+-----+--------+
         Total |   3728 |   3511 |    217 |    360 |   2188 |   7 |  532.6 |
       Dungeon |   3549 |   3369 |    180 |    360 |   2058 |   6 |  591.5 |
        Temple |    178 |    142 |     36 |      0 |    130 |   1 |  178.0 |
               +--------+--------+--------+--------+--------+-----+--------+

Top non-repeatable levels by time:
     D:3: 1325 daAuts
     D:2: 973 daAuts
     D:1: 698 daAuts
     D:4: 507 daAuts
  Temple: 178 daAuts
     D:5: 22 daAuts
     D:6: 22 daAuts
